Map: Fields of Death

Players

wunderpicka

  • Race: Zerg Zerg
  • League: Diamond
  • Spawn Location: 6:00

sss

  • Race: Protoss Protoss
  • League: Bronze
  • Spawn Location: 7:00

Exodus - Winner!

  • Race: Zerg Zerg
  • Spawn Location: 12:00

ProstateHunt - Winner!

  • Race: Protoss Protoss
  • Spawn Location: 12:00

VOD

Have the link to the VOD?

Description

Time

  • Played on: Feb. 8, 2017, 8:54 p.m.
  • Length: 9:58
Show
View Real Time Build Order
Export as new Build Order

wunderpicka Zerg 

Build Orders: Pool First 

Get SALT Encoding   

  12  0:02  Drone  
  13  0:18  Drone  
  14  0:30  Extractor  
  14  0:32  Drone, Spawning Pool  
  13  0:37  Drone  
  14  0:46  Overlord  
  14  1:05  Drone  
  14  1:06  Drone x2  
  17  1:18  Queen  
  17  1:23  Drone  
  20  1:29  Metabolic Boost  
  20  1:54  Hatchery  
  20  1:55  Drone  
  20  2:03  Zergling x4  
  22  2:08  Overlord  
  22  2:32  Queen  
  22  2:34  Drone  
  22  2:35  Zergling x6  
  28  2:48  Baneling Nest  
  28  2:50  Drone x2  
  27  3:20  Drone x6  
  30  3:29  Drone  
  30  3:30  Queen  
  33  3:36  Overlord  
  33  3:43  Drone  
  33  3:45  Drone, Roach Warren  
  34  3:51  Overlord  
  34  3:54  Drone  
  35  4:07  Zergling x4  
  35  4:08  Zergling x2  
  39  4:10  Drone  
  39  4:18  Drone  
  40  4:25  Roach x2  
  40  4:31  Baneling x3  
  44  4:34  Roach x4  
  44  4:36  Overlord x2  
  52  4:41  Extractor  
  52  4:42  Drone  
  52  4:56  Roach x4  
  52  4:58  Drone  
  59  5:32  Lair  
  59  5:34  Overlord x2  
  59  5:44  Extractor  
  59  5:47  Drone  
  59  5:48  Drone, Overlord x4  
  56  6:04  Hatchery  
  56  6:08  Spore Crawler  
  54  6:12  Drone  
  54  6:13  Drone x3, Roach x2  
  62  6:33  Overseer  
  62  6:43  Overseer  
  62  6:55  Drone x2, Roach x3  
  62  6:56  Drone x4, Roach x3  
  76  7:10  Drone, Roach x4  
  76  7:14  Glial Reconstitution  
  85  7:20  Queen  
  87  7:36  Drone  
  87  7:37  Drone x6  
  90  7:38  Roach  
  96  7:47  Evolution Chamber  
  97  7:56  Pneumatized Carapace  
  97  8:04  Roach  
  97  8:05  Roach x4  
  82  8:13  Zergling x2  
  82  8:14  Roach x2  
  82  8:15  Roach  
  84  8:23  Roach x2  
  84  8:24  Roach x3  
  87  8:31  Zergling x4  
  79  8:35  Baneling x2  
  69  8:46  Zergling x4  
  71  8:52  Baneling  
  67  8:57  Roach x2  
  67  9:00  Roach  
  58  9:05  Roach  
  51  9:10  Roach  
  51  9:14  Roach  
  54  9:19  Roach  
  54  9:20  Roach x2  
  57  9:25  Roach x2  
Show
View Real Time Build Order
Export as new Build Order

sss Protoss 

Build Orders:  

Get SALT Encoding   

  12  0:23  Probe (Chrono Boost)  
  13  0:29  Pylon  
  13  0:33  Probe (Chrono Boost)  
  14  0:38  Assimilator  
  14  0:44  Probe (Chrono Boost)  
  15  0:51  Gateway  
  15  0:55  Probe (Chrono Boost)  
  16  1:05  Probe (Chrono Boost)  
  17  1:16  Probe (Chrono Boost)  
  18  1:27  Pylon  
  18  1:30  Probe (Chrono Boost)  
  19  1:39  Gateway  
  19  1:41  Probe (Chrono Boost)  
  19  1:42  Cybernetics Core  
  20  1:52  Assimilator  
  20  1:55  Probe (Chrono Boost)  
  21  2:05  Probe (Chrono Boost)  
  22  2:10  Warp Gate  
  22  2:16  Probe (Chrono Boost)  
  23  2:28  Adept  
  23  2:29  Adept  
  27  2:36  Mothership Core (Chrono Boost)  
  29  2:47  Nexus  
  29  2:52  Pylon  
  29  3:01  Probe (Chrono Boost)  
  31  3:13  Probe (Chrono Boost)  
  31  3:25  Probe (Chrono Boost)  
  32  3:29  Adept x2  
  36  3:37  Pylon  
  36  3:45  Twilight Council  
  36  3:49  Stargate  
  36  3:53  Stargate  
  36  3:57  Assimilator  
  36  4:02  Assimilator  
  32  4:34  Resonating Glaives  
  32  4:40  Probe (Chrono Boost)  
  32  4:41  Probe (Chrono Boost)  
  34  4:50  Probe (Chrono Boost)  
  36  4:53  Probe (Chrono Boost)  
  36  4:59  Gateway x2  
  36  5:01  Probe (Chrono Boost), Adept x2  
  36  5:05  Probe (Chrono Boost)  
  42  5:11  Probe (Chrono Boost)  
  43  5:17  Probe (Chrono Boost)  
  28  6:07  Oracle  
  26  6:11  Forge  
  22  6:31  Oracle  
  22  6:38  Oracle  
  28  7:19  Probe (Chrono Boost)  
  30  7:31  Probe (Chrono Boost)  
  29  7:43  Probe (Chrono Boost)  
  30  7:46  Photon Cannon  
  30  7:50  Photon Cannon  
  30  7:55  Probe x2 (Chrono Boost)  
  33  8:07  Probe x2 (Chrono Boost)  
  33  8:11  Photon Cannon  
  34  8:15  Photon Cannon  
  34  8:17  Photon Cannon  
  34  8:19  Probe (Chrono Boost)  
  35  8:21  Photon Cannon  
  35  8:52  Adept x3  
  35  8:53  Adept  
Show
View Real Time Build Order
Export as new Build Order

Exodus Zerg - Winner!

Build Orders: Hatch First 

Get SALT Encoding   

  12  0:05  Drone  
  13  0:16  Drone  
  13  0:20  Drone, Extractor  
  15  0:29  Overlord  
  15  0:49  Hatchery  
  15  0:50  Drone  
  15  0:53  Drone  
  16  1:09  Spawning Pool  
  15  1:11  Extractor  
  15  1:12  Drone  
  15  1:17  Drone  
  16  1:20  Drone  
  17  1:26  Drone  
  18  1:37  Overlord  
  18  1:46  Drone  
  19  1:58  Queen  
  19  2:00  Queen  
  23  2:02  Drone  
  23  2:03  Zergling x2  
  25  2:12  Drone  
  25  2:15  Metabolic Boost  
  26  2:17  Drone  
  27  2:25  Spine Crawler  
  27  2:26  Drone  
  27  2:33  Zergling x2  
  28  2:39  Drone x2  
  28  2:42  Overlord  
  30  2:45  Zergling x2  
  31  2:55  Zergling x2  
  30  3:25  Zergling x6  
  33  3:28  Drone x4  
  33  3:29  Drone  
  38  3:34  Extractor  
  38  3:38  Spine Crawler  
  36  3:41  Spine Crawler  
  36  3:42  Zergling x4  
  36  3:45  Drone  
  36  3:48  Extractor  
  37  3:50  Extractor  
  37  3:52  Lair  
  35  4:28  Hatchery  
  34  4:31  Drone  
  34  4:32  Drone x6  
  34  4:34  Zergling x6  
  34  4:35  Overlord x2  
  44  4:56  Hydralisk Den  
  43  5:03  Evolution Chamber  
  43  5:04  Evolution Chamber  
  32  5:44  Hydralisk  
  32  5:45  Hydralisk x4  
  32  5:46  Hydralisk  
  32  5:47  Hydralisk x3  
  50  5:51  Drone  
  50  5:52  Drone  
  50  5:57  Hydralisk x3  
  52  5:59  Hydralisk  
  60  6:06  Overlord  
  60  6:09  Drone  
  61  6:17  Drone x2  
  63  6:22  Muscular Augments  
  63  6:27  Zerg Missile Weapons Level 1  
  63  6:39  Hydralisk x2  
  67  6:43  Drone x3  
  67  6:45  Drone  
  71  6:48  Drone  
  71  6:49  Drone  
  73  6:59  Drone  
  73  7:00  Overlord  
  74  7:15  Overlord x3  
  74  7:27  Zergling x8  
  74  7:28  Zergling x8  
  74  7:29  Overlord x2  
  82  7:42  Overseer  
  72  8:36  Zergling x2  
  72  8:37  Zergling x12  
  72  8:38  Zergling x12  
  72  8:39  Hydralisk  
  74  8:59  Zergling x4  
  63  9:07  Hydralisk x5  
  73  9:20  Hatchery, Hydralisk  
Show
View Real Time Build Order
Export as new Build Order

ProstateHunt Protoss - Winner!

Build Orders: Dark Templar Rush 

Get SALT Encoding   

  12  0:01  Probe (Chrono Boost)  
  13  0:11  Probe (Chrono Boost)  
  14  0:22  Probe (Chrono Boost)  
  14  0:24  Pylon  
  15  0:43  Gateway  
  15  0:46  Probe (Chrono Boost)  
  16  0:50  Assimilator  
  16  0:54  Assimilator  
  17  0:57  Probe (Chrono Boost)  
  17  1:07  Probe (Chrono Boost)  
  18  1:17  Gateway  
  18  1:20  Probe (Chrono Boost)  
  19  1:34  Cybernetics Core  
  19  1:36  Probe (Chrono Boost)  
  19  1:38  Pylon  
  20  1:46  Probe (Chrono Boost)  
  21  1:57  Probe (Chrono Boost), Warp Gate  
  22  2:07  Probe (Chrono Boost)  
  23  2:12  Adept x2  
  27  2:19  Probe (Chrono Boost)  
  28  2:27  Twilight Council  
  28  2:34  Pylon  
  29  2:37  Probe (Chrono Boost)  
  29  2:47  Stalker  
  31  2:51  Stalker  
  31  2:55  Probe (Chrono Boost)  
  34  3:34  Pylon  
  34  3:39  Dark Shrine  
  34  3:44  Probe (Chrono Boost)  
  35  3:58  Nexus  
  35  4:00  Pylon  
  35  4:15  Probe (Chrono Boost)  
  36  4:32  Pylon  
  37  4:39  Probe (Chrono Boost), Stalker x2  
  41  4:50  Gateway  
  41  4:51  Probe (Chrono Boost)  
  41  4:52  Gateway  
  42  4:54  Gateway  
  42  5:04  Dark Templar x2  
  44  6:01  Stalker x2  
  44  6:02  Stalker x3  
  54  6:18  Probe (Chrono Boost)  
  56  6:19  Probe (Chrono Boost)  
  56  6:22  Assimilator  
  56  6:24  Assimilator  
  56  6:28  Robotics Facility x2  
  56  6:31  Probe (Chrono Boost)  
  56  6:33  Probe (Chrono Boost)  
  56  7:00  Dark Templar  
  56  7:10  Stalker x4  
  56  7:11  Blink  
  66  7:15  Probe (Chrono Boost)  
  66  7:17  Probe (Chrono Boost)  
  66  7:21  Immortal  
  70  7:26  Probe (Chrono Boost)  
  70  7:29  Probe (Chrono Boost)  
  72  7:50  Probe (Chrono Boost)  
  74  7:51  Probe (Chrono Boost)  
  74  7:53  Pylon  
  74  8:02  Pylon  
  70  8:32  Probe (Chrono Boost)  
  70  8:33  Probe (Chrono Boost)  
  70  8:36  Observer  
  70  8:37  Immortal  
  75  8:41  Gateway  
  75  8:42  Gateway  
  75  8:46  Pylon  
  75  8:47  Stalker x4  
  75  8:48  Stalker  
  85  9:07  Probe (Chrono Boost)  
  85  9:08  Probe (Chrono Boost)  
  87  9:14  Nexus  
  87  9:15  Pylon  
  83  9:17  Pylon  
  83  9:37  Stalker x5  
  93  9:41  Assimilator  
Tags
 
Add a new tag
Caveats
  • Supply blocks, unpowered buildings, or Contaminate may cause inaccurate times.
  • Supply counts are checked every 10 seconds.